 Dungeon Crawl Stone Soup version 0.30.0-29-ga12c61a403 (webtiles) character file.

Game seed: 16336802705348426419

429 croobank the Firebug (level 6, -6/44 HPs)
             Began as a Gnoll Fire Elementalist on June 7, 2023.
             Was a Believer of Cheibriados.
             Engulfed by a cloud of flame (12 damage)
             ... on level 4 of the Dungeon.
             The game lasted 00:16:29 (4177 turns).

croobank the Firebug (Gnoll Fire Elementalist)      Turns: 4177, Time: 00:16:29

Health: -6/44      AC:  3    Str: 11    XL:     6   Next: 98%
Magic:  9/14       EV: 19    Int: 20    God:    Cheibriados [**....]
Gold:   147        SH:  0    Dex: 17    Spells: 6/16 levels left

rFire   . . .        a - +2 dagger (protect)
rCold   . . .        (no shield)
rNeg    . . .        c - +0 robe
rPois   .            (no helmet)
rElec   .            (no cloak)
rCorr   .            n - +0 pair of gloves
SInv    .            (no boots)
Will    .....        (no amulet)
Stlth   +++          j - +5 ring of evasion
HPRegen 0.27/turn    (no ring)
MPRegen 0.14/turn

%: no passive effects
@: brilliant, very slow
A: fangs 1, strong nose, distributed training
a: Renounce Religion, Bend Time


You were on level 4 of the Dungeon.
You worshipped Cheibriados.
Cheibriados was pleased with you.
You visited 1 branch of the dungeon, and saw 4 of its levels.

You collected 165 gold pieces.
You spent 18 gold pieces at shops.

Inventory:

Hand Weapons
 a - a +2 dagger of protection (weapon)
 p - a +0 falchion
 t - a +0 trident
 w - a +2 flail of protection
Missiles
 g - 5 boomerangs
Armour
 c - a +0 robe (worn)
 k - a +0 leather armour
 n - a +0 pair of gloves (worn)
Magical Staves
 r - a staff of fire
Jewellery
 j - a +5 ring of evasion (left hand)
Wands
 m - a wand of polymorph (7)
Scrolls
 e - 3 scrolls of teleportation
 f - a scroll of magic mapping
 o - a scroll of amnesia
 s - a scroll of identify
 u - a scroll of enchant armour {unknown}
 v - a scroll of fear {unknown}
Potions
 d - a potion of lignification
 l - a potion of heal wounds
 q - a potion of flight


   Skills:
 + Level 2.2 Fighting
 + Level 2.2 Short Blades
 + Level 2.2 Long Blades
 + Level 2.2 Axes
 + Level 2.2 Maces & Flails
 + Level 2.2 Polearms
 + Level 2.2 Staves
 + Level 2.2 Ranged Weapons
 + Level 2.2 Throwing
 + Level 2.2 Armour
 + Level 5.1 Dodging
 + Level 4.8 Stealth
 + Level 2.2 Shields
 + Level 2.2 Unarmed Combat
 + Level 5.5 Spellcasting
 + Level 2.8 Conjurations
 + Level 1.8 Hexes
 + Level 1.8 Summonings
 + Level 1.8 Necromancy
 + Level 1.8 Translocations
 + Level 1.8 Transmutations
 + Level 5.7 Fire Magic
 + Level 1.8 Ice Magic
 + Level 1.8 Air Magic
 + Level 1.8 Earth Magic
 + Level 1.8 Poison Magic
 + Level 2.5 Invocations
 + Level 2.2 Evocations


You had 6 spell levels left.
You knew the following spells:

 Your Spells              Type           Power      Damage    Failure   Level
a - Foxfire               Conj/Fire      100%       2x1d9     1%          1
b - Scorch                Fire           86%        2d8       1%          2
c - Inner Flame           Hex/Fire       31%        N/A       7%          3
d - Blink                 Tloc           38%        N/A       8%          2
e - Poisonous Vapours     Pois/Air       38%        N/A       8%          2

Your spell library contained the following spells:

 Spells                   Type           Power      Damage    Failure   Level
 Volatile Blastmotes      Fire/Tloc      62%        2d15      7%          3
 Mephitic Cloud           Conj/Pois/Air  21%        N/A       14%         3
 Flame Wave               Conj/Fire      34%        2d10      19%         4
 Manifold Assault         Tloc           19%        N/A       45%         4
 Freezing Cloud           Conj/Ice/Air   10%        6-21      77%         5
 Storm Form               Tmut/Air       9%         N/A       100%        7


Dungeon Overview and Level Annotations

Branches:
Dungeon (4/15)
 Temple: D:4-7

Altars:
Cheibriados

Shops:
D:3 *

Annotations:
D:4 Dowan


Innate Abilities, Weirdness & Mutations

You have very sharp teeth.
Your uncanny sense of smell can sniff out nearby items.
Your experience applies equally to all skills.


Message History

Aiming: Inner Flame (dangerous; 7% risk of failure)
Press: ? - help, Dir - move target, f - Dowan, p - Duvessa
Aim: Dowan, wielding a +0 dagger and wearing a +0 robe (heavily wounded, ally target, chance to affect: 84%)
You feel a surge of power!
Dowan is filled with an inner flame.
Duvessa hits your butterfly with a +0 rapier!
Your butterfly dies!
Your butterfly disappears in a burst of colours!
Dowan closely misses your butterfly.
Casting: Inner Flame (dangerous; 7% risk of failure)
Confirm with . or Enter, or press ? or * to list all spells.
You don't know that spell.
Duvessa says, "My weaknesses are his strengths!"
Dowan hits your butterfly with a +0 dagger!
Your butterfly dies!
Your butterfly disappears in a burst of colours!
Casting: Inner Flame (dangerous; 7% risk of failure)
Confirm with . or Enter, or press ? or * to list all spells.
You feel a surge of power!
Flames lash Duvessa.
Duvessa resists.
Flame seeps out of Duvessa.
Duvessa is heavily wounded.
Duvessa's fire resistance burns away.
Duvessa is engulfed in blazing flames.
Flame seeps out of Duvessa.
Duvessa misses you.
Casting: Scorch (safe; 1% risk of failure)
Confirm with . or Enter, or press ? or * to list all spells.
You feel a surge of power!
Flames lash Duvessa.
Cheibriados appreciates the change of pace.
Dowan screams, "No!
Oh no!"
Dowan seems to find hidden reserves of power!
Duvessa explodes!
The fiery explosion engulfs you!!
Ouch! That really hurt!
* * * LOW HITPOINT WARNING * * *
The fiery explosion engulfs your butterfly!!
You kill your butterfly!
Your butterfly disappears in a burst of colours!
The fiery explosion engulfs your butterfly!!!
You kill your butterfly!
Your butterfly disappears in a burst of colours!
You are engulfed in blazing flames.
You die...

#.......................[..#
#..........................#
#........#####.....÷.......#
#........# #.............#
#........# #.............#
#........# #bbb..b.......#
#........# ##.b.).........#
#.........###.§#############
.......b..@)○.b.......
.....PPPbP.§§.b.......
....P...bPPbbbe....)..
.....bbbbb.b..........
...P.P.bbPb.####.##...
......b..Pb.# .# ..
....PP...bP... .. .
......P.P...... .#
..............! .#


You could see Dowan (fast, inner flame, ally target).

Vanquished Creatures
  Sigmund (D:3)
  Duvessa (D:4)
  A scorpion (D:4)
  Jessica (D:3)
  4 gnolls (D:4)
  7 adders
  A shadow imp (D:4)
  2 worms
  3 dart slugs
  2 orcs (D:3)
  4 bats
  6 endoplasms
  5 giant cockroaches
  7 goblins
  5 hobgoblins
  4 jackals (D:4)
  5 quokkas
  10 ball pythons
  2 frilled lizards
  5 kobolds
  4 rats
80 creatures vanquished.

Vanquished Creatures (collateral kills)
  3 foxfires
3 creatures vanquished.

Vanquished Creatures (others)
  140 foxfires
140 creatures vanquished.

Grand Total: 223 creatures vanquished

Notes
Turn   | Place    | Note
-------+----------+-------------------------------------------
     0 | D:1      | croobank the Gnoll Fire Elementalist began the quest for
                  | the Orb.
     0 | D:1      | Reached XP level 1. HP: 13/13 MP: 6/6
   116 | D:1      | Reached XP level 2. HP: 19/19 MP: 4/7
   119 | D:1      | Learned a level 2 spell: Scorch
   992 | D:2      | Found a snail-covered altar of Cheibriados.
  1000 | D:2      | Reached skill level 5 in Spellcasting
  1000 | D:2      | Reached XP level 3. HP: 25/25 MP: 4/9
  1052 | D:2      | Reached skill level 1 in Invocations
  1252 | D:2      | Reached skill level 1 in Fighting
  1252 | D:2      | Reached skill level 1 in Short Blades
  1252 | D:2      | Reached skill level 1 in Long Blades
  1252 | D:2      | Reached skill level 1 in Axes
  1252 | D:2      | Reached skill level 1 in Maces & Flails
  1252 | D:2      | Reached skill level 1 in Polearms
  1252 | D:2      | Reached skill level 1 in Staves
  1252 | D:2      | Reached skill level 1 in Ranged Weapons
  1252 | D:2      | Reached skill level 1 in Throwing
  1252 | D:2      | Reached skill level 1 in Armour
  1252 | D:2      | Reached skill level 1 in Shields
  1252 | D:2      | Reached skill level 1 in Unarmed Combat
  1252 | D:2      | Reached skill level 1 in Evocations
  1492 | D:2      | Reached XP level 4. HP: 32/32 MP: 8/11
  1662 | D:2      | Learned a level 3 spell: Inner Flame
  2038 | D:2      | Found a faded altar of an unknown god.
  2177 | D:2      | Became a worshipper of Cheibriados the Contemplative
  2336 | D:3      | Noticed Jessica
  2337 | D:3      | Killed Jessica
  2338 | D:3      | Reached skill level 1 in Hexes
  2338 | D:3      | Reached skill level 1 in Summonings
  2338 | D:3      | Reached skill level 1 in Necromancy
  2338 | D:3      | Reached skill level 1 in Translocations
  2338 | D:3      | Reached skill level 1 in Transmutations
  2338 | D:3      | Reached skill level 1 in Ice Magic
  2338 | D:3      | Reached skill level 1 in Air Magic
  2338 | D:3      | Reached skill level 1 in Earth Magic
  2338 | D:3      | Reached skill level 1 in Poison Magic
  2401 | D:3      | Reached XP level 5. HP: 37/37 MP: 3/12
  2634 | D:3      | Reached * piety under Cheibriados
  2653 | D:3      | Identified a scroll of acquirement
  2653 | D:3      | Acquired an Inescapable Atlas
  2658 | D:3      | Learned a level 2 spell: Blink
  2688 | D:3      | Found Yclesuust's Assorted Antiques.
  2693 | D:3      | Bought a white potion for 18 gold pieces
  3058 | D:3      | Noticed Sigmund
  3063 | D:3      | Learned a level 2 spell: Poisonous Vapours
  3069 | D:3      | Killed Sigmund
  3070 | D:3      | Reached skill level 5 in Dodging
  3070 | D:3      | Reached XP level 6. HP: 44/44 MP: 7/14
  3672 | D:4      | Reached ** piety under Cheibriados
  3941 | D:4      | Noticed Dowan
  3942 | D:4      | Noticed Duvessa
  4177 | D:4      | Killed Duvessa
  4177 | D:4      | Engulfed by a cloud of flame

Illustrated notes

Levels and vault maps discovered:
D:1:      wander_arrival_fairy_ring, layout_basic
D:2:      layout_loops_corners, shapermc_ecumenical_altar_pompeii, basic_altar
D:3:      minmay_razor_zed, layout_loops_ring, serial_shops,
          nicolae_shop_just_a_little_nook, nicolae_elevator_lobby_plus,
          uniq_jessica, uniq_sigmund
D:4:      layout_gridville, minmay_overflow_temple_star_hex,
          nicolae_grassy_gnolls, uniq_duvessa, uniq_blork_the_orc

Skill      XL: |  1  2  3  4  5 |
---------------+----------------+-----
Conjurations   | 2 |  2.8
Spellcasting   | 5 |  5.5
Invocations    | 1 2 |  2.5
Fighting       | 1 2 |  2.2
Short Blades   | 1 2 |  2.2
Long Blades    | 1 2 |  2.2
Axes           | 1 2 |  2.2
Maces & Flails | 1 2 |  2.2
Polearms       | 1 2 |  2.2
Staves         | 1 2 |  2.2
Ranged Weapons | 1 2 |  2.2
Throwing       | 1 2 |  2.2
Armour         | 1 2 |  2.2
Shields        | 1 2 |  2.2
Unarmed Combat | 1 2 |  2.2
Evocations     | 1 2 |  2.2
Hexes          | 1 |  1.8
Summonings     | 1 |  1.8
Necromancy     | 1 |  1.8
Translocations | 1 |  1.8
Transmutations | 1 |  1.8
Ice Magic      | 1 |  1.8
Air Magic      | 1 |  1.8
Earth Magic    | 1 |  1.8
Poison Magic   | 1 |  1.8
Dodging        | 5 |  5.1
Stealth        | |  4.8
Fire Magic     | |  5.7

Action                     |  1- 3 |  4- 6 || total
---------------------------+-------+-------++-------
  Melee: Dagger            |     9 |    16 ||    25
         Bite              |     1 |     2 ||     3
         Staff             |       |     1 ||     1
   Cast: Foxfire           |    25 |    56 ||    81
         Scorch            |    12 |    45 ||    57
         Poisonous Vapours |       |     1 ||     1
         Inner Flame       |       |     2 ||     2
 Invoke: Bend Time         |       |     1 ||     1
    Use: Scroll            |       |    15 ||    15
         Potion            |       |     5 ||     5
   Stab: Sleeping          |     3 |     4 ||     7
 Armour: Robe              |     3 |     5 ||     8
  Dodge: Dodged            |     6 |    30 ||    36
